 Dungeon Crawl Stone Soup version 0.18-a0-912-g81d1dc4 (webtiles) character file.

59 M4edhros the Charlatan (level 4, -5/28 HPs)
             Began as an Octopode Artificer on Dec 25, 2015.
             Killed themself with a badly aimed fireball (16 damage)
             ... on level 5 of the Dungeon.
             The game lasted 00:03:09 (1366 turns).

M4edhros the Charlatan (Octopode Artificer)         Turns: 1366, Time: 00:03:09

Health: -5/28      AC:  1    Str: 10    XL:     4   Next: 3%
Magic:  6/6        EV: 13    Int: 15    God:
Gold:   75         SH:  0    Dex: 12    Spells: 0 memorised, 3 levels left

rFire  . . .     SeeInvis .     a - +0 short sword
rCold  . . .     Gourm    .     (no shield)
rNeg   + . .     Faith    .     (helmet restricted)
rPois  .         Spirit   .     (no amulet)
rElec  .         Dismiss  .     g - ring of positive energy
rCorr  .         Reflect  .     (no ring)
SustAt .         Harm     .     (no ring)
MR     .....                    (no ring)
Stlth  +++.......               (no ring)
                                (no ring)
                                (no ring)
                                (no ring)

@: not resistant to hostile enchantments, fairly stealthy
A: almost no armour, amphibious, 8 rings, constrict 8, camouflage 1, gelatinous
body 1
a: no special abilities


You were on level 5 of the Dungeon.
You were very hungry.

You visited 1 branch of the dungeon, and saw 5 of its levels.

You collected 75 gold pieces.

Inventory:

Hand Weapons
 a - a +0 short sword (weapon)
 h - a +0 hunting sling
Jewellery
 g - a ring of positive energy (left tentacle)
Wands
 b - a wand of flame (5/48)
 c - a wand of enslavement (9/24)
 d - a wand of random effects (12/48)
Scrolls
 i - a scroll of noise {unknown}
Potions
 e - 4 potions of flight {unknown}
Comestibles
 f - a bread ration


   Skills:
 - Level 1.0 Fighting
 - Level 1.0 Short Blades
 * Level 0.4 Slings
 * Level 2.9 Dodging
 * Level 3.4 Stealth
 + Level 3.8 Evocations


You had 3 spell levels left.
You didn't know any spells.

Dungeon Overview and Level Annotations

Branches:
Dungeon (5/15)
 Temple: D:4-7

Altars:
Kikubaaqudgha
Trog

Annotations:
D:5 Dowan, Duvessa


Innate Abilities, Weirdness & Mutations

You cannot wear most types of armour.
You are amphibious.
You can wear up to eight rings at the same time.
You can use your tentacles to constrict eight enemies at once.
Your skin changes colour to match your surroundings (Stealth).
Your rubbery body absorbs attacks (AC +1).


Message History

Evoke which item? (* to show all) (? for menu, Esc to quit)
Zapping:
d - a wand of random effects (13/48)
Press: ? - help, Shift-Dir - straight line, f/p - Dowan
Aim: Dowan, wielding a dagger and wearing a robe (lightly wounded)
The fireball explodes!
The fireball engulfs Duvessa.
Duvessa is severely wounded.
The fireball engulfs you!
This wand has 12 charges left.
Dowan hits your worker ant but does no damage.
Your worker ant closely misses Dowan.
Duvessa barely misses you.
There are monsters nearby!
Unknown command.
Evoke which item? (* to show all) (? for menu, Esc to quit)
Zapping:
d - a wand of random effects (12/48)
Press: ? - help, Shift-Dir - straight line, f/p - Dowan
Aim: Dowan, wielding a dagger and wearing a robe (lightly wounded)
The fireball explodes!
The fireball engulfs Duvessa.
Duvessa is almost dead.
The fireball engulfs you!
Ouch! That really hurt!
You die...

##### ##...## #
##.^<..###
###.##.......<#
.ea..%e@..!..##
###.##.>.....#
##.###.....###
.............#
######.####.#
#.# #.# #.# ###
#.# ###
#.######.#


You could see Duvessa, Dowan and a friendly worker ant.

Vanquished Creatures
  A giant frog skeleton (D:3)
  A worm (D:2)
  3 orcs
  A bat (D:2)
  2 giant cockroaches
  4 jackals
  2 kobolds
  A ball python (D:3)
  2 giant geckos
  A giant gecko skeleton (D:4)
  A giant newt (D:1)
  2 goblins
  A rat (D:1)
  A rat zombie (D:4)
23 creatures vanquished.

Vanquished Creatures (collateral kills)
  2 orcs (D:3)
  A hobgoblin (D:3)
  A giant gecko skeleton (D:4)
4 creatures vanquished.

Vanquished Creatures (others)
  A hound (D:4)
  An orc (D:4)
  2 jackals (D:4)
4 creatures vanquished.

Grand Total: 31 creatures vanquished

Notes
Turn   | Place    | Note
--------------------------------------------------------------
     0 | D:1      | M4edhros the Octopode Artificer began the quest for the Orb.
     0 | D:1      | Reached XP level 1. HP: 13/13 MP: 3/3
   122 | D:2      | Reached XP level 2. HP: 12/18 MP: 4/4
   435 | D:3      | Reached XP level 3. HP: 3/23 MP: 5/5
   819 | D:4      | Found a bloodstained altar of Trog.
   854 | D:4      | Noticed a phantom
  1057 | D:4      | Found an ancient bone altar of Kikubaaqudgha.
  1181 | D:4      | Reached XP level 4. HP: 6/28 MP: 6/6
  1186 | D:5      | Entered Level 5 of the Dungeon
  1186 | D:5      | Noticed Dowan
  1362 | D:5      | Noticed Duvessa
  1366 | D:5      | Killed themself with a badly aimed fireball

Vault maps used:
D:1:      minmay_arrival_four_loops
D:2:      grunt_decor_one_mirror, st_stairs_5, uniq_sigmund
D:3:      marbit_many_paths, first_bread
D:4:      lemuel_zombie_altar_kikubaaqudgha, lemuel_crystal_altar, serial_shops,
          shop
D:5:      makhleb_grotto_becter, nicolae_overflow_hidden_temple,
          nicolae_ossuary_entry_catacombs, uniq_duvessa

Action                   |  1- 3 |  4- 6 || total
-------------------------+-------+-------++-------
Melee: Short sword       |    54 |     2 ||    56
Evoke: Wand              |    14 |     5 ||    19
 Stab: Sleeping          |     5 |       ||     5
